 Dungeon Sprint DCSS version 0.26-a0-649-gf8c6c3aab7 (webtiles) character file.

Game seed: 8286360141658490593

27 sahdkjhfkaj the Shield-Bearer (level 2, -4/42 HPs)
             Began as a Minotaur Fighter on Sept 26, 2020.
             Was an Initiate of Ashenzari.
             Slain by a warg (11 damage)
             ... in the Dungeon (Sprint VII: "The Pits").
             The game lasted 00:00:29 (151 turns).

sahdkjhfkaj the Shield-Bearer (Minotaur Fighter)     Turns: 151, Time: 00:00:29

Health: -4/42      AC:  7    Str: 20    XL:     2   Next: 93%
Magic:  1/1        EV:  8    Int:  5    God:    Ashenzari [......]
Gold:   0          SH:  9    Dex:  9    Spells: 1/1 levels left

rFire    . . .     SeeInvis .   a - +0 war axe
rCold    . . .     Faith    .   c - +0 kite shield
rNeg     . . .     Spirit   .   b - +0 scale mail
rPois    .         Reflect  .   (helmet restricted)
rElec    .         Harm     .   (no cloak)
rCorr    .         Rampage  .   (no gloves)
MR       .....     NoTele   +   (no boots)
Stlth    ..........             (no amulet)
HPRegen  0.14/turn              (no ring)
MPRegen  0.07/turn              (no ring)

@: berserking, very quick
A: retaliatory headbutt, horns 2
a: Curse Item, Renounce Religion


You were in the Dungeon.
You worshipped Ashenzari.
Ashenzari was noncommittal.
You visited 1 branch

Inventory:

Hand Weapons
 a - a +0 war axe (weapon)
Armour
 b - a +0 scale mail (worn)
 c - a +0 kite shield (worn)
Scrolls
 j - a scroll of blinking
 l - 3 scrolls of remove curse
 m - 5 scrolls of amnesia
 n - a scroll of summoning
 o - 2 scrolls of vulnerability
Potions
 d - a potion of might
 e - a potion of curing
 g - a potion of haste
 h - 4 potions of magic
 i - 2 potions of berserk rage
 k - 2 potions of invisibility


   Skills:
 + Level 4.4 Fighting
 * Level 4.4 Axes
 + Level 4.4 Armour
 + Level 2.0 Dodging
 * Level 5.3 Shields


You had one spell level left.
You didn't know any spells.
Your spell library was empty.

Dungeon Overview and Level Annotations

Branches:
Dungeon (1/1)

Altars:
Ashenzari
Cheibriados
Dithmenos
Elyvilon
Fedhas
Gozag
Hepliaklqana
Kikubaaqudgha
Makhleb
Nemelex Xobeh
Okawaru
Qazlal
Ru
Sif Muna
Trog
Uskayaw
Vehumet
Wu Jian
Xom
Yredelemnul
Zin
The Shining One
Beogh
Jiyva
Lugonu


Innate Abilities, Weirdness & Mutations

You reflexively headbutt those who attack you in melee.
You have a pair of horns on your head.


Message History

The warg is lightly wounded.
The warg bites you!
* * * LOW HITPOINT WARNING * * *
You closely miss the warg.
The warg is lightly wounded.
You block the warg's attack. The warg bites you.
* * * LOW HITPOINT WARNING * * *
You closely miss the warg. You headbutt the warg.
The warg is moderately wounded.
The warg barely misses you. You furiously retaliate!
You headbutt the warg! You closely miss the warg.
The warg is heavily wounded.
You block the warg's attack.
Your shield and scale mail prevent you from hitting the warg.
The warg is heavily wounded.
The warg barely misses you. You furiously retaliate!
You headbutt the warg!
Your shield prevents you from hitting the warg.
The warg is severely wounded.
The warg bites you!
You die...

#..(.')))'.##......#..#
##########.##..........
#...........'..........
#+#####'#####......#..#
#...†.# #..........
#.†.†.# ####'#####+
###†### #.......#
#.....# #.......#
#...@.# #.......#
####h## #...<...#
#..5g....##.......#
#........##.......#
###########.......#
#########


You could see a warg, a gnoll and an ufetubus.

Vanquished Creatures
  A river rat (D)
  An ufetubus (D)
  An adder zombie (D)
  A bat (D)
  4 jackals (D)
  A quokka (D)
9 creatures vanquished.

Notes
Turn   | Place    | Note
-------+----------+-------------------------------------------
     0 | D        | sahdkjhfkaj the Minotaur Fighter began the quest for the
                  | Orb.
     0 | D        | Reached XP level 1. HP: 19/19 MP: 0/0
    13 | D        | Reached skill level 1 in Dodging
    13 | D        | Reached skill level 4 in Shields
    18 | D        | Found a bloodstained altar of Trog.
    18 | D        | Found a shimmering blue altar of Sif Muna.
    18 | D        | Found a viscous altar of Jiyva.
    18 | D        | Found a hazy altar of Hepliaklqana.
    18 | D        | Found an opulent altar of Gozag.
    19 | D        | Found a glowing golden altar of the Shining One.
    19 | D        | Found a glowing silver altar of Zin.
    19 | D        | Found a basalt altar of Yredelemnul.
    19 | D        | Found a shimmering altar of Xom.
    19 | D        | Found an ornate altar of the Wu Jian Council.
    19 | D        | Found a sacrificial altar of Ru.
    19 | D        | Found a stormy altar of Qazlal.
    19 | D        | Found an iron altar of Okawaru.
    19 | D        | Found a sparkling altar of Nemelex Xobeh.
    19 | D        | Found a burning altar of Makhleb.
    19 | D        | Found a blossoming altar of Fedhas.
    19 | D        | Found a white marble altar of Elyvilon.
    19 | D        | Found a shadowy altar of Dithmenos.
    19 | D        | Found a snail-covered altar of Cheibriados.
    20 | D        | Found a radiant altar of Vehumet.
    20 | D        | Found a corrupted altar of Lugonu.
    20 | D        | Found a roughly hewn altar of Beogh.
    21 | D        | Found a hide-covered altar of Uskayaw.
    21 | D        | Found an ancient bone altar of Kikubaaqudgha.
    21 | D        | Found a broken altar of Ashenzari.
    29 | D        | Became a worshipper of Ashenzari the Shackled
    67 | D        | Reached XP level 2. HP: 21/27 MP: 1/1
    71 | D        | Reached skill level 5 in Shields
   138 | D        | Noticed a warg
   151 | D        | Slain by a warg

Illustrated notes

Levels and vault maps discovered:
D:        pitsprint [storerooms_1, entrance_room_1, metal_vault_4, armoury_1,
          mini_pit_1, grid_room_1, main_hall_1, silver_pit, the_coven_3,
          the_vestibule_1, steel_vault_1, golden_pit, hallway_of_sentries,
          crystal_vault_1, iron_vault_2, final_vault]

Skill      XL: |  1  2 |
---------------+-------+-----
Axes           | 3 4 |  4.4
Dodging        | 1 2 |  2.0
Shields        | 4 5 |  5.3
Fighting       | 4 |  4.4
Armour         | 4 |  4.4

Action                   || total
-------------------------++-------
Melee: War axe           ||    23
       Headbutt          ||     6
  Use: Potion            ||     2
Armor: Scale mail        ||    13
Dodge: Dodged            ||    14
Block: Kite shield       ||    16

Table legend: (Time is in decaauts)
 A = Elapsed time spent in this place.
 B = Non-inter-level travel time spent in this place.
 C = Inter-level travel time spent in this place.
 D = Time resting spent in this place.
 E = Time spent auto-exploring this place.
 F = Levels seen in this place.
 G = Mean time per level.
                   A        B        C        D        E       F      G
               +--------+--------+--------+--------+--------+-----+--------+
         Total |    156 |    156 |      0 |     52 |      0 |   1 |  156.0 |
       Dungeon |    156 |    156 |      0 |     52 |      0 |   1 |  156.0 |
               +--------+--------+--------+--------+--------+-----+--------+

Top non-repeatable levels by time:
       D: 156 daAuts
